 Dungeon Crawl Stone Soup version 0.22-a0-414-gacd343e8ff (webtiles) character file.

170 Banto the Digger (level 5, -1/31 HPs)
             Began as an Octopode Earth Elementalist on May 14, 2018.
             Slain by an orc
             ... wielding a +0 dagger
              (4 damage)
             ... on level 3 of the Dungeon.
             The game lasted 00:03:50 (3536 turns).

Banto the Digger (Octopode Earth Elementalist)      Turns: 3536, Time: 00:03:51

Health: -1/31      AC:  1    Str:  7    XL:     5   Next: 50%
Magic:  3/8        EV: 13    Int: 18    God:
Gold:   53         SH:  0    Dex: 13    Spells: 2/8 levels left

rFire    . . .     SeeInvis .   a - +0 dagger (venom)
rCold    . . .     Gourm    .   (no shield)
rNeg     . . .     Faith    .   (helmet restricted)
rPois    .         Spirit   .   (no amulet)
rElec    .         Reflect  .   d - ring of flight
rCorr    .         Harm     .   g - ring of loudness (curse)
MR       .....                  (no ring)
Stlth    +++.......             (no ring)
HPRegen  0.10/turn              (no ring)
MPRegen  0.11/turn              (no ring)
                                (no ring)
                                (no ring)

@: very slightly contaminated
A: almost no armour, stealthy swim, amphibious, 8 rings, constrict 8, camouflage
1, gelatinous body 1
a: Evoke Flight


You were on level 3 of the Dungeon.
You were near starving.

You visited 1 branch of the dungeon, and saw 3 of its levels.

You collected 53 gold pieces.

Inventory:

Hand Weapons
 a - a +0 dagger of venom (weapon)
 f - a +0 dagger
Missiles
 b - 192 stones (quivered)
Jewellery
 d - a ring of flight (left tentacle)
 g - a cursed ring of loudness (right tentacle)
Scrolls
 h - a scroll of magic mapping {unknown}
 i - a scroll of immolation {unknown}
 j - a scroll of identify {unknown}
 o - a scroll of enchant weapon {unknown}
Potions
 e - a potion of degeneration {unknown}
 k - 2 potions of flight {unknown}
 l - a potion of agility {unknown}
 m - a potion of curing {unknown}
 n - 2 potions of brilliance {unknown}
Comestibles
 c - 5 rations


   Skills:
 - Level 2.0 Dodging
 + Level 5.0 Stealth
 - Level 2.0 Spellcasting
 - Level 1.0 Transmutations
 * Level 5.2 Earth Magic


You had 2 spell levels left.
You knew the following spells:

 Your Spells              Type           Power        Failure   Level  Hunger
a - Sandblast             Erth           ###...       2%          1    #......
b - Passwall              Tmut/Erth      ##........   8%          2    ###....
c - Stone Arrow           Conj/Erth      ##....       19%         3    ###....

Your spell library contained the following spells:

 Spells                   Type           Power        Failure   Level  Hunger
 Lee's Rapid Deconstruct  Erth           ###.......   52%         5    ######.
 Petrify                  Tmut/Erth      ##......     45%         4    #####..


Dungeon Overview and Level Annotations

Branches:
Dungeon (3/15)

Altars:
Nemelex Xobeh
Wu Jian

Annotations:
D:2 Terence


Innate Abilities, Weirdness & Mutations

You cannot wear most types of armour.
You are very stealthy in the water. (Stealth+)
You are amphibious.
You can wear up to eight rings at the same time.
You can use your tentacles to constrict eight enemies at once.
Your skin changes colour to match your surroundings (Stealth+).
Your rubbery body absorbs attacks. (AC +1, EV +1)


Message History

b - 193 stones
Casting: Sandblast (safe; 2% risk of failure)
Confirm with . or Enter, or press ? or * to list all spells.
Aiming: Sandblast (safe; 2% risk of failure)
Press: ? - help, Shift-Dir - straight line, f - orc
Aim: an orc, wielding a dagger and wearing a ring mail You miscast Sandblast.
You are very lightly contaminated with residual magic.
Nothing appears to happen.
The orc closely misses you.
You now have 4/8 mp.
Casting: Sandblast (safe; 2% risk of failure)
Confirm with . or Enter, or press ? or * to list all spells.
Aiming: Sandblast (safe; 2% risk of failure)
Press: ? - help, Shift-Dir - straight line, f/p - orc
Aim: an orc, wielding a dagger and wearing a ring mail The blast of sand hits the orc.
The orc is almost dead.
b - 192 stones The orc hits you with a dagger.
You die...

####..........#
#.............#
###.#..#.###+######
#...#..............
#.#....###.#.###+##
#.#....#.#........
#...(><...........
###.#........##....
#.#@######.# ....
#.#o# .##....
#..)######.......
##....oK.......
#.....#$..#.#.
#......#.#...#
#...#...#.....
#....#..#... .
#.#.. ### ....


You could see an orc.

Vanquished Creatures
  An orc wizard (D:3)
  Robin (D:2)
  4 gnolls (D:2)
  2 adders (D:2)
  2 oozes
  A worm (D:2)
  A dart slug (D:1)
  2 orcs (D:3)
  3 giant cockroaches (D:1)
  14 goblins
  5 hobgoblins
  7 jackals (D:1)
  9 kobolds
  6 bats
  7 rats
65 creatures vanquished.

Notes
Turn   | Place    | Note
-------+----------+-------------------------------------------
     0 | D:1      | Banto the Octopode Earth Elementalist began the quest for the Orb.
     0 | D:1      | Reached XP level 1. HP: 11/11 MP: 3/3
   144 | D:1      | Reached XP level 2. HP: 15/17 MP: 5/5
   519 | D:1      | Reached XP level 3. HP: 15/21 MP: 6/6
   725 | D:1      | Learned a level 2 spell: Passwall
   729 | D:1      | Learned a level 3 spell: Stone Arrow
  1343 | D:2      | Noticed Robin
  1351 | D:2      | Found a sparkling altar of Nemelex Xobeh.
  2126 | D:2      | Found an ornate altar of the Wu Jian Council.
  2134 | D:2      | Reached XP level 4. HP: 20/27 MP: 7/7
  2189 | D:2      | Killed Robin
  2525 | D:2      | Reached XP level 5. HP: 29/31 MP: 8/8
  2553 | D:2      | Noticed Terence
  2851 | D:2      | Reached skill level 5 in Earth Magic
  3529 | D:3      | Reached skill level 5 in Stealth
  3536 | D:3      | Slain by an orc

Vault maps used:
D:1:      dpeg_arrival_lava_temple_mockup
D:2:      nemelex_xobeh_ov_fountains_minmay, old_standard_altar, first_ration,
          uniq_robin, uniq_terence
D:3:      chequers_ecumenical_altar_island, hangedman_decor_growths,
          minmay_splitting_lines, minmay_unequal, uniq_sigmund

Skill      XL: |  1  2  3  4  5 |
---------------+----------------+-----
Stealth        | 3 4 5 |  5.0
Earth Magic    | 4 5 |  5.2
Dodging        | |  2.0
Spellcasting   | |  2.0
Transmutations | |  1.0

Action                   |  1- 3 |  4- 6 || total
-------------------------+-------+-------++-------
Melee: Hand axe          |    14 |       ||    14
       Unarmed           |     4 |       ||     4
       Tentacles         |    18 |     6 ||    24
       Constrict         |    20 |     9 ||    29
       Dagger            |    59 |    37 ||    96
 Cast: Sandblast         |    17 |    30 ||    47
  Use: Scroll            |       |     1 ||     1
 Stab: Sleeping          |     4 |     2 ||     6
  Eat: Chunk             |     3 |     4 ||     7
Armor: Skin              |    16 |     3 ||    19
Dodge: Dodged            |    68 |    29 ||    97

Table legend:
 A = Spawn XP
 B = Non-spawn XP
 C = Spawn XP percentage of total XP
 D = Spawn monster count
 E = Non-spawn monster count
 F = Spawn count percentage of total count
 G = Total turns spent on level
                    A         B        C        D         E        F      G
               +---------+---------+-------+---------+---------+-------+---------
         Total |       0 |     243 |   0.0 |       0 |      65 |   0.0 |  3536
               +---------+---------+-------+---------+---------+-------+---------
           D:1 |       0 |      58 |   0.0 |       0 |      31 |   0.0 |  2119
           D:2 |       0 |     142 |   0.0 |       0 |      30 |   0.0 |  1370
           D:3 |       0 |      43 |   0.0 |       0 |       4 |   0.0 |    47
               +---------+---------+-------+---------+---------+-------+---------

Table legend:
 A = Turns spent in this place as a percentage of turns spent in the entire game.
 B = Non-inter-level travel turns spent in this place as a percentage of non-inter-level travel turns spent in the entire game.
 C = Inter-level travel turns spent in this place as a percentage of turns spent in this place.
 D = Turns resting spent in this place as a percentage of non-inter-level travel turns spent in this place.
 E = Turns spent auto-exploring this place as a percentage of non-inter-level travel turns spent in this place.
 F = Non-inter-level travel turns spent in this place divided by the number of levels of this place that you've seen.
                   A       B       C       D       E      F
               +-------+-------+-------+-------+-------+----------------------
         Total | 100.0 | 100.0 |   4.4 |  62.2 |  20.0 | 1126.7
       Dungeon | 100.0 | 100.0 |   4.4 |  62.2 |  20.0 | 1126.7
               +-------+-------+-------+-------+-------+----------------------

Table legend:
 A = Kills in this place as a percentage of kills in entire the game.
 B = Kills by you in this place as a percentage of kills by you in the entire game.
 C = Kills by friends in this place as a percentage of kills by friends in the entire game.
 D = Other kills in this place as a percentage of other kills in the entire game.
 E = Experience gained in this place as a percentage of experience gained in the entire game.
 F = Experience gained in this place divided by the number of levels of this place that you have seen.
                   A       B       C       D       E      F
               +-------+-------+-------+-------+-------+----------------------
         Total | 100.0 | 100.0 |   N/A |   N/A | 100.0 |  81.0
       Dungeon | 100.0 | 100.0 |   N/A |   N/A | 100.0 |  81.0
               +-------+-------+-------+-------+-------+----------------------
